 Dungeon Crawl Stone Soup version 0.21.1-1-g345015fe64 (webtiles) character file.

155 Oravi the Poker (level 5, -2/41 HPs)
             Began as a Merfolk Gladiator on Apr 27, 2018.
             Was an Initiate of Fedhas.
             Asphyxiated
             ... on level 3 of the Dungeon.
             The game lasted 00:05:32 (2174 turns).

Oravi the Poker (Merfolk Gladiator)                 Turns: 2174, Time: 00:05:34

Health: -2/41      AC:  4    Str: 15    XL:     5   Next: 37%
Magic:  5/5        EV: 15    Int:  7    God:    Fedhas [......]
Gold:   89         SH:  0    Dex: 16    Spells: 4/4 levels left

rFire    . . .     SeeInvis .   a - +0 trident
rCold    . . .     Gourm    .   (no shield)
rNeg     . . .     Faith    .   b - +0 leather armour
rPois    .         Spirit   .   c - +0 helmet
rElec    .         Reflect  .   (no cloak)
rCorr    .         Harm     .   (no gloves)
MR       .....                  (no boots)
Stlth    +.........             (no amulet)
HPRegen  0.13/turn              (no ring)
MPRegen  0.09/turn              (no ring)

@: lethally poisoned (-2 -> -8)
A: change form in water, swift swim, stealthy swim
a: Fungal Bloom, Renounce Religion


You were on level 3 of the Dungeon.
You worshipped Fedhas.
Fedhas was noncommittal.
You were not hungry.

You visited 1 branch of the dungeon, and saw 3 of its levels.

You collected 89 gold pieces.

Inventory:

Hand Weapons
 a - a +0 trident (weapon)
Missiles
 d - 3 throwing nets (quivered)
Armour
 b - a +0 leather armour (worn)
 c - a +0 helmet (worn)
Scrolls
 e - 4 scrolls of remove curse {unknown}
 h - a scroll of noise {unknown}
 i - a scroll of identify {unknown}
 j - a scroll of fear {unknown}
 k - a scroll of teleportation {unknown}
Comestibles
 f - 9 rations
 g - 5 chunks of flesh


   Skills:
 + Level 3.0 Fighting
 + Level 7.1 Polearms
 - Level 2.0 Throwing
 + Level 5.2 Dodging


You had 4 spell levels left.
You didn't know any spells.

Dungeon Overview and Level Annotations

Branches:
Dungeon (3/15)

Altars:
Fedhas
Okawaru


Message History

You are too injured to fight recklessly!
You are too injured to fight recklessly!
You completely miss something. Something hits you.
You closely miss something. Something hits you.
You closely miss something. Something hits you.
* * * LOW HITPOINT WARNING * * *
You aren't carrying any potions.
Okay, then.
You hear some strange, mumbled words.
A puff of flame appears from out of thin air!
The puff of flame hits you!
* * * LOW HITPOINT WARNING * * *
The kobold shouts!
The kobold wields a blowgun.
The kobold shoots a curare-tipped needle.
The curare-tipped needle hits you.
You are lethally poisoned!
You have difficulty breathing.
You die...
Fedhas appreciates your contribution to the ecosystem.

..
#................# K
#................#
#................#
######.......(...#
########...........#
.......)############
......>.# ..K.....#
.......@###
..........#
........#.#
........#o#
#######o#.o #.....
##..... #......
#.......


You could see 3 orcs and a kobold.

Vanquished Creatures
  2 orc wizards (D:3)
  4 adders
  2 dart slugs (D:2)
  4 leopard geckos (D:2)
  6 orcs (D:3)
  A giant cockroach (D:2)
  7 goblins
  5 hobgoblins
  2 jackals (D:2)
  A quokka (D:2)
  7 bats
  A frilled lizard (D:1)
  8 kobolds
  5 rats
55 creatures vanquished.

Notes
Turn   | Place    | Note
-------+----------+-------------------------------------------
     0 | D:1      | Oravi the Merfolk Gladiator began the quest for the Orb.
     0 | D:1      | Reached XP level 1. HP: 16/16 MP: 1/1
   323 | D:1      | Reached XP level 2. HP: 22/22 MP: 2/2
   447 | D:1      | Reached skill level 5 in Polearms
   896 | D:1      | Reached XP level 3. HP: 17/28 MP: 3/3
  1419 | D:2      | Reached XP level 4. HP: 32/34 MP: 4/4
  1487 | D:2      | Reached skill level 6 in Polearms
  1527 | D:2      | Found a blossoming altar of Fedhas.
  1643 | D:2      | Became a worshipper of Fedhas Madash
  1793 | D:2      | Found an iron altar of Okawaru.
  1796 | D:2      | Reached skill level 5 in Dodging
  2139 | D:3      | Reached XP level 5. HP: 40/40 MP: 5/5
  2159 | D:3      | Reached skill level 7 in Polearms
  2173 | D:3      | HP: 2/41 [something/puff of flame (9)]
  2174 | D:3      | Asphyxiated

Skill      XL: |  1  2  3  4  5 |
---------------+----------------+-----
Polearms       | 5 6 7 |  7.1
Dodging        | 5 |  5.2
Fighting       | 3 |  3.0
Throwing       | |  2.0

Action                   |  1- 3 |  4- 6 || total
-------------------------+-------+-------++-------
Melee: Trident           |   112 |    87 ||   199
 Stab: Sleeping          |     3 |       ||     3
  Eat: Chunk             |     2 |     2 ||     4
Armor: Leather armour    |    25 |    14 ||    39
Dodge: Dodged            |    94 |    40 ||   134
